 Dungeon Crawl Stone Soup version 0.29.1-12-g30fa7ad0bf (webtiles) character file.

Game seed: 13130897951593298521

24 nachturnus the Grave Robber (level 2, -1/19 HPs)
             Began as a Vampire Necromancer on Jan 1, 2023.
             Slain by a gnoll
             ... wielding a +0 halberd
              (7 damage)
             ... on level 2 of the Dungeon.
             The game lasted 00:07:04 (1313 turns).

nachturnus the Grave Robber (Vampire Necromancer)   Turns: 1313, Time: 00:07:05

Health: -1/19      AC:  6    Str:  7    XL:     2   Next: 79%
Magic:  2/5        EV: 10    Int: 17    God:
Gold:   28         SH:  0    Dex: 14    Spells: 4/5 levels left

rFire   . . .      SeeInvis +   e - staff of death
rCold   . . .      Faith    .   (no shield)
rNeg    + . .      Spirit   .   f - +0 ring mail
rPois   .          Reflect  .   h - +1 hat
rElec   .          Harm     .   (no cloak)
rCorr   .          Rampage  .   (no gloves)
Will    .....                   (no boots)
Stlth   ++........              (no amulet)
HPRegen 0.26/turn               (no ring)
MPRegen 0.09/turn               (no ring)

@: very slightly contaminated, healing quickly
A: alive, fangs 3, see invisible, vampiric 1
a: Exsanguinate


You were on level 2 of the Dungeon.
You visited 1 branch of the dungeon, and saw 2 of its levels.

You collected 28 gold pieces.

Inventory:

Hand Weapons
 k - a +0 club
Missiles
 d - a throwing net
Armour
 a - a +0 robe
 f - a +0 ring mail (worn)
 g - a +0 plate armour
 h - a +1 hat (worn)
Magical Staves
 e - a staff of death (weapon)
Scrolls
 j - a scroll of acquirement {unknown}
Potions
 b - a potion of magic
 c - 2 potions of haste {unknown}
 i - a potion of curing {unknown}


   Skills:
 + Level 0.0 Armour
 - Level 2.1 Dodging
 - Level 3.0 Stealth
 - Level 2.0 Spellcasting
 - Level 5.4 Necromancy


You had 4 spell levels left.
You knew the following spells:

 Your Spells              Type           Power      Damage    Failure   Level
a - Necrotise             Necr           100%       1d9       8%          1

Your spell library contained the following spells:

 Spells                   Type           Power      Damage    Failure   Level
 Vampiric Draining        Necr           30%        2d8       22%         3
 Apportation              Tloc           2%         N/A       56%         1
 Animate Dead             Necr           30%        N/A       58%         4
 Frozen Ramparts          Ice            2%         1d1       90%         3
 Ice Form                 Ice/Tmut       1%         N/A       100%        4
 Summon Ice Beast         Ice/Summ       1%         N/A       100%        4
 Agony                    Necr           30%        N/A       91%         5


Dungeon Overview and Level Annotations

Branches:
Dungeon (2/15)

Altars:


Innate Abilities, Weirdness & Mutations

Your natural rate of healing is accelerated.
You have razor-sharp teeth.
You have supernaturally acute eyesight. (SInv)
You are afflicted with vampirism.


Message History

There is a stone staircase leading up here.
Found an escape hatch in the ceiling.
Found an escape hatch in the floor.
There is an escape hatch in the ceiling here.
There is an escape hatch in the floor here.
You now have 28 gold pieces (gained 10). 2 gnolls come into view.
The gnoll shouts! x2
A gnoll is nearby!
Casting: Necrotise (safe; 8% risk of failure)
Confirm with . or Enter, or press ? or * to list all spells.
Aiming: Necrotise (safe; 8% risk of failure)
Press: ? - help, Shift-Dir - straight line, f - gnoll
Aim: a gnoll, wielding a +0 flail (chance to affect: 88%)
You feel a surge of power!
You miscast Necrotise.
You are very lightly contaminated with residual magic.
Nothing appears to happen.
Casting: Necrotise (safe; 8% risk of failure)
Confirm with . or Enter, or press ? or * to list all spells.
Aiming: Necrotise (safe; 8% risk of failure)
Press: ? - help, Shift-Dir - straight line, f/p - gnoll
Aim: a gnoll, wielding a +0 flail (chance to affect: 88%)
You feel a surge of power!
The gnoll writhes in agony.
The gnoll barely misses you. The gnoll misses you.
Casting: Necrotise (safe; 8% risk of failure)
Confirm with . or Enter, or press ? or * to list all spells.
Aiming: Necrotise (safe; 8% risk of failure)
Press: ? - help, Shift-Dir - straight line, f/p - gnoll
Aim: a gnoll, wielding a +0 flail (moderately wounded, chance to affect: 88%)
You feel a surge of power!
You miscast Necrotise.
Nothing appears to happen.
The gnoll hits you with a +0 flail. The gnoll closely misses you.
You hit the gnoll but do no damage.
The gnoll is moderately wounded.
The gnoll misses you.
The gnoll hits you from afar with a +0 halberd!
You hit the gnoll.
The gnoll is heavily wounded.
The gnoll hits you with a +0 flail.
The gnoll hits you from afar with a +0 halberd!
You die...

.. .######.### .
#....# .## #.#### ..#
#.# # #.# # #.#
#.##.##.# #.#
#.....gg# #.#
####.######## #.#
#.......gg@.# #.#
#.##.##.###.#######.#
# #.##.###.#.......#
#......#.#.#######
####.......#
#.####### ...# #####


You could see 2 gnolls.

Vanquished Creatures
  A dart slug (D:1)
  2 bats (D:1)
  An endoplasm (D:1)
  A giant cockroach (D:1)
  2 goblins (D:1)
  A hobgoblin (D:1)
  2 jackals (D:1)
  5 kobolds (D:1)
  2 quokkas (D:1)
  A ball python (D:1)
  A rat (D:1)
19 creatures vanquished.

Notes
Turn   | Place    | Note
-------+----------+-------------------------------------------
     0 | D:1      | nachturnus the Vampire Necromancer began the quest for the
                  | Orb.
     0 | D:1      | Reached XP level 1. HP: 13/13 MP: 3/3
    45 | D:1      | Found a faded altar of an unknown god.
    55 | D:1      | Got Plato's Tractate on Orientation
   300 | D:1      | Reached XP level 2. HP: 19/19 MP: 3/5
   367 | D:1      | Reached skill level 5 in Necromancy
  1313 | D:2      | Slain by a gnoll

Illustrated notes

Levels and vault maps discovered:
D:1:      wander_arrival_lonely_grave, layout_loops_corners,
          shapermc_ecumenical_altar_rom_forum, minmay_crystal_room,
          minmay_misc_feat_diagonals
D:2:      layout_loops_cross, hangedman_decor_diamond_cutter

Skill      XL: |  1  2 |
---------------+-------+-----
Necromancy     | 5 |  5.4
Dodging        | |  2.1
Stealth        | |  3.0
Spellcasting   | |  2.0

Action                   || total
-------------------------++-------
Melee: Unarmed           ||     6
       Staff             ||    11
       Bite              ||     1
 Cast: Necrotise         ||    25
  Use: Scroll            ||     1
Armor: Ring mail         ||     4
Dodge: Dodged            ||    21
